 Dungeon Crawl Stone Soup version 0.25.0 (webtiles) character file.

Game seed: 3127334943658103559

243 HoaS the Cudgeler (level 6, 0/39 HPs)
             Began as a Gargoyle Fighter on June 12, 2020.
             Killed by divine providence
             ... invoked by an orc priest
              (7 damage)
             ... on level 4 of the Dungeon.
             The game lasted 00:05:16 (2503 turns).

HoaS the Cudgeler (Gargoyle Fighter)                Turns: 2503, Time: 00:05:16

Health: 0/39       AC: 13    Str: 22    XL:     6   Next: 9%
Magic:  6/6        EV:  5    Int:  8    God:
Gold:   116        SH:  9    Dex:  9    Spells: 5/5 levels left

rFire    . . .     SeeInvis .   a - +0 flail
rCold    . . .     Gourm    .   c - +0 kite shield
rNeg     + . .     Faith    .   q - +0 chain mail
rPois    ∞         Spirit   .   (no helmet)
rElec    +         Reflect  .   (no cloak)
rCorr    .         Harm     .   (no gloves)
MR       .....                  (no boots)
Stlth    ..........             (no amulet)
HPRegen  0.13/turn              (no ring)
MPRegen  0.10/turn              (no ring)

@: no status effects
A: negative energy resistance 1, electricity resistance, unbreathing,
petrification resistance, rot immunity, AC +4
a: no special abilities


You were on level 4 of the Dungeon.
You were not hungry.

You visited 1 branch of the dungeon, and saw 4 of its levels.

You collected 116 gold pieces.

Inventory:

Hand Weapons
 a - a +0 flail (weapon)
Armour
 c - a +0 kite shield (worn)
 q - a +0 chain mail (worn)
Wands
 n - a wand of flame (27)
Scrolls
 b - a scroll of fear {unknown}
 g - a scroll of immolation {unknown}
 h - 2 scrolls of amnesia {unknown}
 i - 5 scrolls of identify {unknown}
 j - 2 scrolls of fog {unknown}
 k - 2 scrolls of magic mapping {unknown}
 m - 3 scrolls of teleportation {unknown}
 p - a scroll of enchant weapon {unknown}
Potions
 d - a potion of might
 e - 3 potions of curing {unknown}
 l - a potion of lignification {unknown}
 o - a potion of mutation {unknown}
 s - a potion of resistance {unknown}
Comestibles
 f - 5 rations
 r - 3 chunks of flesh


   Skills:
 + Level 4.5 Fighting
 * Level 4.6 Maces & Flails
 - Level 3.2 Armour
 + Level 4.5 Shields


You had 5 spell levels left.
You didn't know any spells.
Your spell library was empty.

Dungeon Overview and Level Annotations

Branches:
Dungeon (4/15)
 Temple: D:4-7

Altars:
Cheibriados
Dithmenos
Elyvilon
Fedhas
Ru
Sif Muna


Innate Abilities, Weirdness & Mutations

You are resistant to torment.
Your stone body is resilient. (AC +4)
You are immune to poison.
You resist negative energy. (rN+)
You are resistant to electric shocks. (rElec)
You can survive without breathing.
You are immune to petrification.
You are immune to rotting.


Message History

The orc priest is moderately wounded.
The orc priest hits you but does no damage.
You hit the orc priest.
The orc priest is heavily wounded.
The orc priest hits you with a +0 war axe!
* * * LOW HITPOINT WARNING * * *
You closely miss the orc priest.
The orc priest is heavily wounded.
You block the orc priest's attack.
You hit the orc priest.
The orc priest is severely wounded.
The orc priest casts a cantrip, but nothing happens.
You hit the orc priest.
The orc priest is almost dead.
You block the orc priest's attack.
You closely miss the orc priest.
The orc priest is almost dead.
The orc priest invokes the aid of Beogh against you.
Beogh smites you!
You die...

############
...##########...........
.....oo@................
...##########...........
#...........
######...........
#.....#########.#
#.....# #.# #.....# #.#
#.....# #.#
#.....#########.#


You could see an orc priest and an orc.

Vanquished Creatures
  A scorpion (D:4)
  An orc priest (D:4)
  A worker ant (D:2)
  4 gnolls (D:2)
  An adder (D:3)
  5 worms (D:2)
  5 dart slugs
  2 leopard geckos
  An orc (D:4)
  4 giant cockroaches
  10 goblins
  7 hobgoblins
  4 jackals (D:4)
  A quokka (D:4)
  5 bats
  4 frilled lizards
  4 kobolds
  8 rats
68 creatures vanquished.

Notes
Turn   | Place    | Note
-------+----------+-------------------------------------------
     0 | D:1      | HoaS the Gargoyle Fighter began the quest for the Orb.
     0 | D:1      | Reached XP level 1. HP: 14/14 MP: 1/1
    47 | D:1      | Reached XP level 2. HP: 19/19 MP: 2/2
   372 | D:1      | Reached XP level 3. HP: 19/23 MP: 3/3
   746 | D:2      | Found a snail-covered altar of Cheibriados.
   746 | D:2      | Found a white marble altar of Elyvilon.
   753 | D:2      | Found a blossoming altar of Fedhas.
   753 | D:2      | Found a sacrificial altar of Ru.
   754 | D:2      | Found a shadowy altar of Dithmenos.
   969 | D:2      | Reached XP level 4. HP: 22/29 MP: 4/4
  1309 | D:2      | Reached XP level 5. HP: 19/33 MP: 5/5
  2233 | D:3      | Found a shimmering blue altar of Sif Muna.
  2484 | D:4      | Reached XP level 6. HP: 39/39 MP: 6/6
  2503 | D:4      | Killed from afar by an orc priest

Illustrated notes

Levels and vault maps discovered:
D:1:      dpeg_arrival_houses_and_road, layout_basic,
          chequers_serial_rivers_large_b, minmay_distorted
D:2:      layout_basic, grunt_temple_overflow_open, first_ration
D:3:      layout_loops_ring, nicolae_overflow_hidden_temple
D:4:      layout_basic, guppyfry_shop_venom, uniq_blork_the_orc

Skill      XL: |  1  2  3  4  5 |
---------------+----------------+-----
Maces & Flails | 3 4 |  4.6
Fighting       | 4 |  4.5
Shields        | 4 |  4.5
Armour         | |  3.2

Action                   |  1- 3 |  4- 6 || total
-------------------------+-------+-------++-------
Melee: Flail             |   133 |   122 ||   255
  Eat: Chunk             |     1 |     5 ||     6
Armor: Scale mail        |    47 |    29 ||    76
       Chain mail        |       |    32 ||    32
Dodge: Dodged            |    41 |    27 ||    68
Block: Kite shield       |    58 |    65 ||   123
